 Dungeon Crawl Stone Soup version 0.30-a0-269-gf0224bf7b6 (webtiles) character file.

Game seed: 12621007096299345670

1169 freelancePsychic the Shooter (level 8, -2/62 HPs)
             Began as a Formicid Hexslinger on Oct 15, 2022.
             Was a Follower of Cheibriados.
             Slain by a gnoll
             ... wielding a +0 spear
             ... led by a gnoll bouda
              (5 damage)
             ... on level 5 of the Dungeon.
             The game lasted 00:11:52 (4715 turns).

freelancePsychic the Shooter (Formicid Hexslinger)  Turns: 4715, Time: 00:11:52

Health: -2/62      AC:  3    Str: 17    XL:     8   Next: 68%
Magic:  9/9        EV: 13    Int: 20    God:    Cheibriados [*.....]
Gold:   63         SH:  0    Dex: 18    Spells: 8/9 levels left

rFire   . . .      SeeInvis +    a - +1 sling (elec)
rCold   + . .      Faith    .    (no shield)
rNeg    . . .      Spirit   .    c - +0 robe
rPois   .          Reflect  .    (helmet unavailable)
rElec   .          Harm     .    (no cloak)
rCorr   .          Rampage  .    (no gloves)
Will    .....                    l - +0 pair of boots
Stlth   +++.......               d - amulet of the acrobat
HPRegen 0.30/turn                i - ring of protection from cold
MPRegen 0.11/turn                (no ring)

@: lethally poisoned (-2 -> -7), very slow
A: permanent stasis, dig shafts and tunnels, antennae 3, four strong arms,
clever 1, mutation resistance 1
a: Dig, Shaft Self, Renounce Religion, Bend Time


You were on level 5 of the Dungeon.
You worshipped Cheibriados.
Cheibriados was aware of your devotion.
You visited 2 branches of the dungeon, and saw 6 of its levels.
You also visited: Sewer.

You collected 213 gold pieces.
You spent 150 gold pieces at shops.

Inventory:

Hand Weapons
 a - a +1 sling of electrocution (weapon)
Armour
 c - a +0 robe (worn)
 l - a +0 pair of boots (worn)
Jewellery
 d - an amulet of the acrobat (around neck)
 i - a ring of protection from cold (left hand)
Scrolls
 k - 3 scrolls of enchant weapon
 n - a scroll of vulnerability {unknown}
 o - a scroll of identify {@r1}
Potions
 b - a potion of ambrosia
 e - a potion of might
 f - 2 potions of curing {unknown}
 g - 2 potions of degeneration
 h - 2 potions of flight
 j - a potion of mutation


   Skills:
 + Level 5.3 Fighting
 * Level 7.2 Ranged Weapons
 + Level 2.6 Dodging
 - Level 5.3 Stealth
 - Level 1.1 Spellcasting
 - Level 3.6 Hexes


You had 8 spell levels left.
You knew the following spells:

 Your Spells              Type           Power      Damage    Failure   Level
a - Slow                  Hex            60%        N/A       4%          1

Your spell library contained the following spells:

 Spells                   Type           Power      Damage    Failure   Level
 Summon Small Mammal      Summ           4%         N/A       17%         1
 Inner Flame              Hex/Fire       8%         N/A       24%         3
 Portal Projectile        Hex/Tloc       16%        N/A       24%         3
 Summon Guardian Golem    Hex/Summ       8%         N/A       24%         3
 Scorch                   Fire           2%         2d5       26%         2
 Cause Fear               Hex            7%         N/A       36%         4
 Call Canine Familiar     Summ           1%         N/A       45%         3
 Flame Wave               Conj/Fire      1%         2d4       86%         4
 Summon Cactus Giant      Summ           0%         N/A       100%        6


Dungeon Overview and Level Annotations

Branches:
Dungeon (5/15)             Temple (1/1) D:4           Sewer (visited)

Altars:
Cheibriados
Dithmenos
Fedhas
Hepliaklqana
Kikubaaqudgha
Makhleb
Nemelex Xobeh
Okawaru
Qazlal
Trog
Uskayaw
Vehumet
Xom
Zin
The Shining One

Shops:
D:4 ?!*:=


Innate Abilities, Weirdness & Mutations

You cannot be hasted, slowed, berserked, paralysed or teleported.
You can dig through walls and to a lower floor.
You have a pair of large antennae on your head. (SInv)
Your four strong arms can wield two-handed weapons with a shield.
Your mind is acute. (Int +4, Str/Dex -1)
You are somewhat resistant to further mutation.


Message History

You shoot a sling bullet.
The sling bullet barely misses the scorpion.
You feel very sick. The gnoll misses you. The scorpion barely misses you.
Fire: a) +1 sling (elec)
Press: ? - help, Shift-Dir - straight line, f/p - scorpion
Aim: a scorpion (severely wounded, 65% to hit)
You shoot a sling bullet. The sling bullet hits the scorpion!
You kill the scorpion!
Cheibriados appreciates the change of pace.
You feel sick.
The gnoll hits you from afar with a +0 spear.
* * * LOW HITPOINT WARNING * * *
Fire: a) +1 sling (elec)
Press: ? - help, Shift-Dir - straight line, f - gnoll
Aim: a gnoll, wielding a +0 spear (almost dead, 69% to hit)
You shoot a sling bullet.
The sling bullet hits the gnoll but does no damage.
The gnoll is almost dead.
You feel sick.
The gnoll hits you from afar with a +0 spear.
* * * LOW HITPOINT WARNING * * *
The gnoll misses you.
Fire: a) +1 sling (elec)
Press: ? - help, Shift-Dir - straight line, f/p - gnoll
Aim: a gnoll, wielding a +0 spear (almost dead, 69% to hit)
You shoot a sling bullet.
The sling bullet barely misses the gnoll.
You feel sick.
The gnoll hits you from afar with a +0 spear.
* * * LOW HITPOINT WARNING * * *
Fire: a) +1 sling (elec)
Press: ? - help, Shift-Dir - straight line, f/p - gnoll
Aim: a gnoll, wielding a +0 spear (almost dead, 69% to hit)
You shoot a sling bullet.
The sling bullet barely misses the gnoll.
* * * LOW HITPOINT WARNING * * *
You feel sick.
The gnoll hits you from afar with a +0 spear.
You die...

####. ...... #. ####.. .
.# ... . .# #### .# # .#
# .#. )# ...# #.# g# .).
## #.##.####.. ...
.##..####.†@.......
..##..##........(..###..
................#..###
#.##..#.#######......#
........# #.....####.#
........# #.###....#.#
#.###...# #.#...##.# #
#.# #...###.#....#.# #.#
#...#......_.....


You could see a gnoll.

Vanquished Creatures
  2 black bears (D:5)
  2 ogres
  3 scorpions
  A jelly (D:5)
  2 hounds (D:5)
  3 gnoll boudas
  Jessica (D:3)
  Terence (D:3)
  3 iguanas
  An orc wizard (D:3)
  Robin (D:3)
  20 gnolls
  A worm (D:2)
  3 dart slugs
  5 orcs (D:3)
  11 bats
  5 endoplasms (D:1)
  5 giant cockroaches
  10 goblins
  11 hobgoblins
  7 jackals
  3 quokkas
  6 ball pythons
  2 frilled lizards
  7 kobolds
  8 rats
124 creatures vanquished.

Vanquished Creatures (others)
  A jackal (D:3)
  8 plants (D:5)
9 creatures vanquished.

Grand Total: 133 creatures vanquished

Notes
Turn   | Place    | Note
-------+----------+-------------------------------------------
     0 | D:1      | freelancePsychic the Formicid Hexslinger began the quest
                  | for the Orb.
     0 | D:1      | Reached XP level 1. HP: 15/15 MP: 2/2
   193 | D:1      | Reached XP level 2. HP: 21/21 MP: 3/3
   245 | D:1      | Reached skill level 1 in Stealth
   622 | D:1      | Reached XP level 3. HP: 24/27 MP: 4/4
   918 | D:2      | You fall into a shaft and drop 1 floor!
   957 | D:3      | Reached skill level 3 in Ranged Weapons
  1106 | D:3      | Reached XP level 4. HP: 27/33 MP: 5/5
  1283 | D:3      | Noticed Terence
  1298 | D:3      | Killed Terence
  1304 | D:3      | Found a glowing drain.
  1318 | Sewer    | Entered a sewer
  1347 | Sewer    | Noticed Pargi
  1477 | D:3      | Reached XP level 5. HP: 39/39 MP: 6/6
  2070 | D:3      | Noticed Jessica
  2089 | D:3      | Gained mutation: Your mind is acute. (Int +4, Str/Dex -1)
                  | [potion of mutation]
  2089 | D:3      | Gained mutation: You are somewhat resistant to further
                  | mutation. [potion of mutation]
  2093 | D:3      | Killed Jessica
  2094 | D:3      | Reached skill level 4 in Ranged Weapons
  2094 | D:3      | Noticed Robin
  2248 | D:3      | Noticed an ogre
  2516 | D:3      | Reached XP level 6. HP: 47/47 MP: 7/7
  2651 | D:3      | Killed Robin
  2921 | D:4      | Found Duc Ment's Jewellery Shop.
  3100 | D:4      | Found Rotywedgh's Assorted Antiques.
  3120 | D:4      | Bought a triangular silver amulet for 150 gold pieces
  3141 | D:4      | Found Xailai Pylu's Book Shop.
  3180 | D:4      | Reached skill level 5 in Ranged Weapons
  3318 | D:4      | Reached XP level 7. HP: 20/53 MP: 8/8
  3541 | D:4      | Found a staircase to the Ecumenical Temple.
  3547 | Temple   | Entered the Ecumenical Temple
  3652 | Temple   | Became a worshipper of Cheibriados the Contemplative
  3839 | D:4      | Found Oxoq's Magic Scroll Shoppe.
  3903 | D:4      | Found Fukot's Distillery.
  4000 | D:5      | Entered Level 5 of the Dungeon
  4085 | D:5      | Reached * piety under Cheibriados
  4088 | D:5      | Reached skill level 6 in Ranged Weapons
  4088 | D:5      | Reached skill level 5 in Stealth
  4088 | D:5      | Reached XP level 8. HP: 22/61 MP: 9/9
  4648 | D:5      | Reached skill level 5 in Fighting
  4676 | D:5      | Found a shadowy altar of Dithmenos.
  4687 | D:5      | Reached skill level 7 in Ranged Weapons
  4715 | D:5      | HP: 3/62 [poisoned by a scorpion]
  4715 | D:5      | Slain by a gnoll

Illustrated notes

Levels and vault maps discovered:
D:1:      dpeg_arrival_snail, layout_basic
D:2:      layout_rooms, hangedman_abyss_or_decor_stabs
D:3:      layout_loops_cross, cheibrodos_sewer_entry_drain,
          minmay_misc_feat_tiny, uniq_terence, uniq_robin, uniq_jessica
D:4:      layout_loops_cross, minmay_temple_entry_enclosed_plants, serial_shops,
          nicolae_shop_competitors_out_of_business, kennysheep_mini_moat, shop,
          shop, shop_fountains
D:5:      layout_loops_ring, nicolae_overflow_crystal_walls, serial_shops, shop,
          serial_bayou_crossing
Temple:   nicolae_temple_great_sept

Skill      XL: |  1  2  3  4  5  6  7  8 |
---------------+-------------------------+-----
Stealth        | 1 2 3 4 5 |  5.3
Ranged Weapons | 3 4 5 6 7 |  7.2
Fighting       | 2 3 4 5 |  5.3
Dodging        | 2 |  2.6
Spellcasting   | |  1.1
Hexes          | |  3.6

Action                   |  1- 3 |  4- 6 |  7- 9 || total
-------------------------+-------+-------+-------++-------
 Fire: Sling             |   105 |   249 |   120 ||   474
 Cast: Slow              |     2 |    10 |     1 ||    13
 Abil: Dig               |       |     2 |       ||     2
  Use: Scroll            |     3 |     7 |     2 ||    12
       Potion            |     2 |     4 |       ||     6
Armor: Robe              |     6 |    24 |     5 ||    35
Dodge: Dodged            |    26 |   110 |    35 ||   171

Table legend: (Time is in decaauts)
 A = Elapsed time spent in this place.
 B = Non-inter-level travel time spent in this place.
 C = Inter-level travel time spent in this place.
 D = Time resting spent in this place.
 E = Time spent auto-exploring this place.
 F = Levels seen in this place.
 G = Mean time per level.
                   A        B        C        D        E       F      G
               +--------+--------+--------+--------+--------+-----+--------+
         Total |   5048 |   4803 |    245 |    426 |   3210 |   7 |  721.1 |
       Dungeon |   4866 |   4633 |    233 |    426 |   3136 |   5 |  973.2 |
        Temple |    118 |    106 |     12 |      0 |     60 |   1 |  118.0 |
         Sewer |     63 |     63 |      0 |      0 |     14 |   1 |   63.0 |
               +--------+--------+--------+--------+--------+-----+--------+

Top non-repeatable levels by time:
     D:3: 1415 daAuts
     D:4: 1265 daAuts
     D:1: 938 daAuts
     D:2: 854 daAuts
     D:5: 392 daAuts
  Temple: 118 daAuts
   Sewer: 63 daAuts
